 Dungeon Crawl Stone Soup version 0.29.1-13-g9f3cf754e1 (webtiles) character file.

Game seed: 16834091155837867508

49 DildoBatman the Conjurer (level 4, 0/30 (32) HPs)
             Began as a Formicid Conjurer on Jan 23, 2023.
             Slain by a kobold
             ... wielding a +0 club
              (3 damage)
             ... on level 2 of the Dungeon.
             The game lasted 00:04:02 (1282 turns).

DildoBatman the Conjurer (Formicid Conjurer)        Turns: 1282, Time: 00:04:03

HP:   0/30 (32)     AC:  3    Str: 12    XL:     4   Next: 2%
MP:   8/8           EV: 12    Int: 19    God:
Gold: 44            SH:  5    Dex: 12    Spells: 5/8 levels left

rFire   . . .      SeeInvis +   a - +0 sling
rCold   . . .      Faith    .   (no shield)
rNeg    . . .      Spirit   .   l - +0 robe
rPois   .          Reflect  +   (helmet unavailable)
rElec   .          Harm     .   (no cloak)
rCorr   .          Rampage  .   (no gloves)
Will    .....                   i - +0 pair of boots
Stlth   ++........              g - amulet of reflection
HPRegen 0.10/turn               (no ring)
MPRegen 0.11/turn               (no ring)

@: drained
A: permanent stasis, dig shafts and tunnels, antennae 3, four strong arms
a: Dig, Shaft Self


You were on level 2 of the Dungeon.
You visited 1 branch of the dungeon, and saw 2 of its levels.

You collected 44 gold pieces.

Inventory:

Hand Weapons
 a - a +0 sling (weapon)
 c - a +0 dagger
 f - a +0 great sword
Armour
 i - a +0 pair of boots (worn)
 l - a +0 robe (worn)
Jewellery
 g - an amulet of reflection (around neck)
Scrolls
 e - a scroll of amnesia {unknown}
 j - a scroll of teleportation {unknown}
Potions
 b - a potion of magic
 d - a potion of ambrosia {unknown}
 h - a potion of might {unknown}
 k - a potion of cancellation {unknown}


   Skills:
 * Level 1.4 Fighting
 * Level 1.4 Armour
 - Level 2.0 Dodging
 - Level 2.4 Stealth
 * Level 2.7 Spellcasting
 * Level 3.9 Conjurations


You had 5 spell levels left.
You knew the following spells:

 Your Spells              Type           Power      Damage    Failure   Level
a - Searing Ray           Conj           34%        2d5       4%          2
c - Magic Dart            Conj           68%        1d6       3%          1

Your spell library contained the following spells:

 Spells                   Type           Power      Damage    Failure   Level
 Dazzling Flash           Conj/Hex       20%        N/A       22%         3
 Fulminant Prism          Conj/Hex       5%         3d7       56%         4
 Iskenderun's Mystic Bla  Conj/Tloc      10%        2d4       56%         4


Dungeon Overview and Level Annotations

Branches:
Dungeon (2/15)

Altars:

Annotations:
D:2 exclusion: 2 sensed monsters (detected), Terence


Innate Abilities, Weirdness & Mutations

You cannot be hasted, slowed, berserked, paralysed or teleported.
You can dig through walls and to a lower floor.
You have a pair of large antennae on your head. (SInv)
Your four strong arms can wield two-handed weapons with a shield.


Message History

You shout for attention!
The kobold hits you with a +0 club. The kobold barely misses you.
What are your orders? t - Shout!
Orders for allies: a - Attack new target. r - Retreat! s - Stop attacking. g - Guard the area. f - Follow me.
Anything else - Cancel.
You shout for attention!
The kobold hits you but does no damage. The kobold closely misses you.
What are your orders? t - Shout!
Orders for allies: a - Attack new target. r - Retreat! s - Stop attacking. g - Guard the area. f - Follow me.
Anything else - Cancel.
You shout for attention!
The kobold hits you with a +0 short sword.
The kobold hits you with a +0 club. What are your orders? t - Shout!
Orders for allies: a - Attack new target. r - Retreat! s - Stop attacking. g - Guard the area. f - Follow me.
Anything else - Cancel.
You shout for attention!
The kobold hits you but does no damage. You block the kobold's attack.
What are your orders? t - Shout!
Orders for allies: a - Attack new target. r - Retreat! s - Stop attacking. g - Guard the area. f - Follow me.
Anything else - Cancel.
You shout for attention!
The kobold barely misses you. The kobold hits you with a +0 club.
You die...

### .# S.{. .###
#.K###... #......# ###
#.# #.. #.# #.# #S#
#.# ..# ##K# #.# ..
#@K# #.# .. ##.# #.#
..##### ##### #.# #.#
. ....####...# #.# #.#
#
#..........####.####.#
###.#.##
.............#
.>.....#
#.#.###.######
###.#..# #.#.# #.# #
#.#..####.#.###.#


You could see an adder and 2 kobolds.

Vanquished Creatures
  2 adders (D:2)
  7 endoplasms
  2 giant cockroaches
  2 hobgoblins
  3 kobolds
  2 quokkas (D:1)
  2 ball pythons
  6 bats
  3 frilled lizards (D:2)
  4 rats (D:1)
33 creatures vanquished.

Vanquished Creatures (others)
  A plant (D:1)
1 creature vanquished.

Grand Total: 34 creatures vanquished

Notes
Turn   | Place    | Note
-------+----------+-------------------------------------------
     0 | D:1      | DildoBatman the Formicid Conjurer began the quest for the
                  | Orb.
     0 | D:1      | Reached XP level 1. HP: 13/13 MP: 3/3
   216 | D:1      | Reached XP level 2. HP: 20/20 MP: 3/5
   219 | D:1      | Learned a level 2 spell: Searing Ray
   609 | D:1      | Found a faded altar of an unknown god.
   618 | D:1      | Reached skill level 1 in Fighting
   662 | D:1      | Reached XP level 3. HP: 26/26 MP: 3/6
   724 | D:1      | Reached skill level 1 in Armour
  1073 | D:2      | Noticed Terence
  1248 | D:2      | Reached XP level 4. HP: 30/32 MP: 5/8
  1282 | D:2      | Slain by a kobold

Illustrated notes

Levels and vault maps discovered:
D:1:      saegor_arrival_simple_c, layout_basic, serial_forest,
          infiniplex_forest_clump_double, infiniplex_forest_straight_5,
          infiniplex_forest_fountain, infiniplex_forest_lined_room_2,
          infiniplex_forest_clump_long, shapermc_ecumenical_altar_starsandcircs
D:2:      layout_loops_ring, minmay_tetromino_i4, uniq_terence

Skill      XL: |  1  2  3 |
---------------+----------+-----
Dodging        | 2 |  2.0
Fighting       | 1 |  1.4
Armour         | 1 |  1.4
Stealth        | |  2.4
Spellcasting   | |  2.7
Conjurations   | |  3.9

Action                   |  1- 3 |  4- 6 || total
-------------------------+-------+-------++-------
Melee: Dagger            |    54 |       ||    54
       Punch             |     2 |       ||     2
       Great sword       |     1 |       ||     1
 Fire: Sling             |     4 |       ||     4
 Cast: Magic Dart        |    41 |       ||    41
       Searing Ray       |     3 |       ||     3
 Abil: Dig               |     1 |     1 ||     2
 Stab: Sleeping          |     2 |       ||     2
       Distracted        |     1 |       ||     1
Armor: Robe              |     7 |     8 ||    15
Dodge: Dodged            |    16 |    28 ||    44
Block: Other             |     9 |     9 ||    18
